AoeStats
← Jack213

Nomad

510388978Analyzed
3v3 RM · 2d ago on Sep 30, 2026· 42m 16s· 6 players
Game mode
Random Map
Map size
210×210
Population
200
Speed
Normal
Resources
Standard
Victory
Conquest
Starting age
Dark Age
Ending age
Imperial Age
RankedLock teamsTeams togetherTeam positionsShared explorationLock speedFull tech treeHidden civsTurbo modeCheats
Victory
Defeat
🇨🇴 Tatars · Colombia
1236
+15
🇨🇳 Persians · China
1197
+16
🇨🇳 Dravidians · China
1167
+18
🇫🇷 Gurjaras · France
1220
-17
🇫🇷 Burgundians · France
1204
-16
🇫🇷 Bengalis · France
1202
-16
Jack213
5:17 Loom
12:09 Fishing Lines
12:52 Double-Bit Axe
14:48 Wheelbarrow
16:56 Feudal Age
20:30 Castle Age
19:04 Bow Saw
19:26 Scale Barding Armor
19:32 Forging
19:08 Horse Collar
21:23 Town Watch
22:33 Hand Cart
24:59 Gillnets
27:23 Iron Casting
27:46 Husbandry
27:48 Cavalier
30:18 Chain Barding Armor
32:32 Gold Mining
39:59 Imperial Age
alexisius(FR)
3:09 Loom
13:18 Feudal Age
13:45 Fishing Lines
14:32 Gold Mining
14:44 Double-Bit Axe
15:00 Fishing Lines
15:11 Fishing Lines
15:22 Fishing Lines
16:30 Fishing Lines
21:18 Castle Age
20:44 Stone Mining
22:31 Bow Saw
26:47 Fishing Lines
30:55 Fishing Lines
39:33 Wheelbarrow
skyles
14:35 Feudal Age
15:26 Double-Bit Axe
22:05 Castle Age
21:55 Horse Collar
23:47 Bow Saw
23:41 Heavy Plow
23:53 Town Watch
25:47 Light Cavalry
26:39 Bloodlines
28:30 Forging
28:20 Scale Mail Armor
30:50 Loom
31:42 Wheelbarrow
31:26 Scale Barding Armor
31:57 Iron Casting
31:27 Husbandry
32:54 Demolition Ship
34:25 Hand Cart
34:06 Elite Skirmisher
36:07 Chain Barding Armor
35:49 Padded Archer Armor
35:40 Fletching
38:06 Bodkin Arrow
38:26 Leather Archer Armor
42:01 Town Patrol
danielleon980129
8:20 Loom
14:50 Feudal Age
17:38 Double-Bit Axe
24:12 Castle Age
27:19 Wheelbarrow
27:53 Bow Saw
29:18 Fletching
30:13 Bodkin Arrow
31:30 Gold Mining
34:48 Horse Collar
35:53 Forging
37:33 Bloodlines
41:19 Imperial Age
axjhbl90
14:07 Feudal Age
12:54 Loom
15:10 Fishing Lines
15:53 Forging
15:49 Scale Barding Armor
17:59 Wheelbarrow
20:23 Castle Age
18:56 Gold Mining
19:41 Double-Bit Axe
20:54 Bloodlines
21:09 Bow Saw
21:24 Gillnets
22:27 Gold Shaft Mining
22:33 Light Cavalry
24:59 Chain Barding Armor
29:11 Hand Cart
30:20 Iron Casting
34:03 Imperial Age
33:50 Stone Mining
34:58 Plate Barding Armor
34:47 Husbandry
35:41 Stone Shaft Mining
35:27 Horse Collar
36:54 Heavy Plow
36:32 Cavalier
38:26 Two-Man Saw
39:06 Blast Furnace
holungb
9:50 Loom
14:47 Feudal Age
17:31 Double-Bit Axe
20:21 Castle Age
20:38 Wheelbarrow
20:13 Fishing Lines
22:39 Hand Cart
32:57 Imperial Age
31:50 Medical Corps
31:56 Husbandry
33:02 Elite Elephant Archer
33:51 Thumb Ring
34:37 Fletching
37:43 Ballistics
38:24 Chemistry
39:51 Conscription
Connection lost

Rejoining the realm…

Still unreachable

The connection could not be restored.

Session expired

The server has moved on; the page needs a fresh start.